 Dungeon Crawl Stone Soup version 0.31-a0-1042-ga9834b393d (webtiles) character file.

Game seed: 17637955412496890055

126 kae the Vexing (level 4, -3/32 HPs)
             Began as a Demonspawn Enchanter on Nov 19, 2023.
             Killed by nerve-wracking pain
             ... invoked by an orc priest
              (13 damage)
             ... on level 4 of the Dungeon.
             The game lasted 00:01:43 (2429 turns).

kae the Vexing (Demonspawn Enchanter)               Turns: 2429, Time: 00:01:44

Health: -3/32      AC:  5    Str: 10    XL:     4   Next: 84%
Magic:  3/7        EV: 12    Int: 16    God:
Gold:   139        SH:  0    Dex: 14    Spells: 3/8 levels left

rFire   . . .        a - +2 dagger (freeze)
rCold   . . .        (no shield)
rNeg    . . .        b - +1 robe
rPois   .            (no helmet)
rElec   .            (no cloak)
rCorr   .            (no gloves)
SInv    .            (no boots)
Will    .....        (no amulet)
Stlth   ++           (no ring)
HPRegen 0.25/turn    (no ring)
MPRegen 0.10/turn

%: no passive effects
@: no status effects
A: thin metallic scales 1, demonic guardian 1, demonic touch 1
a: no special abilities


You were on level 4 of the Dungeon.
You visited 1 branch of the dungeon, and saw 4 of its levels.

You collected 139 gold pieces.


Innate Abilities, Weirdness & Mutations

You are partially covered in thin metallic scales. (AC +2)
A weak demonic guardian rushes to your aid.
Your touch may inflict minor irresistible damage on your foes.


   Skills:
 + Level 1.3 Fighting
 * Level 2.0 Short Blades
 + Level 2.3 Dodging
 + Level 3.0 Stealth
 + Level 2.5 Spellcasting
 * Level 3.7 Hexes
 + Level 0.8 Ice Magic


You had 3 spell levels left.
You knew the following spells:

 Your Spells              Type           Power      Damage    Failure   Level
a - Ensorcelled Hibernat  Hex/Ice        18%        N/A       12%         2
b - Confusing Touch       Hex            13%        N/A       13%         3

Your spell library contained the following spells:

 Spells                   Type           Power      Damage    Failure   Level
 Tukima's Dance           Hex            13%        N/A       13%         3
 Apportation              Tloc           4%         N/A       21%         1
 Kiss of Death            Conj/Necr      8%         2d6       21%         1
 Necrotise                Necr           8%         1d4       21%         1
 Summon Small Mammal      Summ           8%         N/A       21%         1
 Dazzling Flash           Conj/Hex       14%        N/A       28%         3
 Dispel Undead            Necr           2%         3d7       89%         4

Inventory:

Hand Weapons
 a - a +2 dagger of freezing (weapon)
Missiles
 e - 2 curare-tipped darts {=f}
 f - 27 stones
 g - 10 poisoned darts
 j - 6 boomerangs
 p - 4 atropa-tipped darts
Armour
 b - a +1 robe (worn)
Scrolls
 h - a scroll of summoning
 l - a scroll of identify {@r1}
 m - 2 scrolls of enchant armour
 n - a scroll of torment {unknown}
Potions
 c - 2 potions of invisibility
 d - a potion of mutation {!q}
 i - 2 potions of lignification {!q}
 k - a potion of resistance
 o - a potion of degeneration {!q}

Dungeon Overview and Level Annotations

Branches:
Dungeon (4/15) Zot: 21585
 Temple: D:4-7

Altars:
Nemelex Xobeh
Sif Muna
Uskayaw

..#......)......####...#
.....######...### #..##
.#...# ###.## #..#
###..# #..# ##.# # #..##
##.# .# ##..# #.## .#
#..# #..# ##.#
##.####..## ..
#)@oo..... #.#
#.oo.####. .# #.#### ..
..# ... #..# ..## ...
##..


You could see 2 orc priests, an orc wizard and an orc.


Message History

No target in view!
Done exploring.
No target in view!
No target in view!
Done exploring.
No target in view!
No target in view!
There is a stone staircase leading down here.
You climb downwards.
There is a stone staircase leading up here.
Key pressed, stopping travel.
Okay, then.
Okay, then.
This spell is quite dangerous to cast!
You start memorising the spell.
You continue memorising. x3
You finish memorising.
Spell assigned to 'b'.
Okay, then.
As you read the scroll labelled ACKUSCHUUNN, it crumbles to dust.
It is a scroll of brand weapon.
Your +2 dagger is covered with a thin layer of ice!
a - a +2 dagger of freezing (weapon)
As you read the scroll of identify {@r1}, it crumbles to dust.
o - a potion of degeneration
As you read the scroll of identify {@r1}, it crumbles to dust.
k - a potion of resistance
Found a stone staircase leading up.
Unknown command.
You now have 116 gold pieces (gained 13).
n - a scroll labelled QEROTT BIHO A kobold comes into view.
It is wielding a +0 dagger and quivering poisoned darts.
A hobgoblin comes into view.
Found a hide-covered altar of Uskayaw.
There are monsters nearby!
The kobold barely misses you.
You hit the kobold. You freeze the kobold.
There are monsters nearby!
You closely miss the kobold. Your touch misses the kobold.
The hobgoblin shouts!
The kobold barely misses you.
You closely miss the kobold.
You touch the kobold.
You kill the kobold!
A hobgoblin is nearby!
The hobgoblin closely misses you.
A hobgoblin is nearby!
You hit the hobgoblin. You freeze the hobgoblin.
You touch the hobgoblin.
You kill the hobgoblin!
No reachable target in view!
No reachable target in view!
No reachable target in view!
No reachable target in view!
No reachable target in view!
g - 10 poisoned darts (gained 6)
You see here a +0 dagger.
No reachable target in view!
No reachable target in view!
You now have 125 gold pieces (gained 9).
You now have 139 gold pieces (gained 14).
An orc comes into view. It is wielding a +0 mace.
An orc is nearby!
An orc is nearby!
An orc is nearby!
An orc comes into view. It is wielding a +0 dagger.
An orc wizard and an orc priest come into view.
The helpless orc fails to defend itself.
You impale the orc!! You freeze the orc.
You kill the orc!
The orc wizard shouts!
You hear a shout!
The orc priest calls down the wrath of Beogh upon you.
Beogh smites you!
An orc priest comes into view. It is wielding a +0 short sword.
The orc shouts! 😮 HP[-9]
You take 9 damage, and now have 23/32 hp.
MASSIVE DAMAGE!! (PAUSE)
You closely miss the orc priest. The orc barely misses you.
Casting: Ensorcelled Hibernation (safe; 12% risk of failure)
Confirm with . or Enter, or press ? or * to list all spells.
Aiming: Ensorcelled Hibernation (safe; 12% risk of failure)
Press: ? - help, Shift-Dir - straight line, f - orc priest
Aim: an orc priest, wielding a +0 short sword and wearing a +0 leather armour (chance to affect: 43%)
The orc priest resists with some effort.
The orc priest barely misses you.
The orc priest mumbles some strange prayers to Beogh against you.
Pain shoots through your body!
The orc hits you but does no damage. 😮 HP[-2] MP[-2]
You take 2 damage, and now have 21/32 hp.
You lost 2 mp, and now have 5/7 mp.
Unknown command.
Casting: Ensorcelled Hibernation (safe; 12% risk of failure)
Confirm with . or Enter, or press ? or * to list all spells.
Aiming: Ensorcelled Hibernation (safe; 12% risk of failure)
Press: ? - help, Shift-Dir - straight line, f/p - orc priest
Aim: an orc priest, wielding a +0 short sword and wearing a +0 leather armour (chance to affect: 43%)
The orc priest resists with some effort.
The orc priest calls down the wrath of Beogh upon you.
Pain shoots through your body!
* * * LOW HITPOINT WARNING * * *
The orc priest invokes the aid of Beogh against you.
Pain shoots through your body!
You die...

Skill      XL: |  1  2  3  4 |
---------------+-------------+-----
Short Blades   | 1 2 |  2.0
Dodging        | 2 |  2.3
Stealth        | 3 |  3.0
Fighting       | 1 |  1.3
Spellcasting   | |  2.5
Hexes          | |  3.7
Ice Magic      | |  0.8

Action                     |  1- 3 |  4- 6 || total
---------------------------+-------+-------++-------
  Melee: Dagger            |   131 |    77 ||   208
         Punch             |     1 |     1 ||     2
         Touch             |     1 |    17 ||    18
   Cast: Ensorcelled Hiber |     5 |     2 ||     7
    Use: Scroll            |     5 |     6 ||    11
   Stab: Sleeping          |     8 |     5 ||    13
 Armour: Robe              |    80 |    30 ||   110
  Dodge: Dodged            |    85 |    39 ||   124

Levels and vault maps discovered:
D:1:      moated_graveyard_arrival, layout_basic, minmay_tree_intersection,
          serial_bayou_pond_e
D:2:      layout_loops_ring, basic_ecumenical_altar, basic_altar
D:3:      layout_basic, mainiacjoe_overflow_24_doors
D:4:      layout_layer_cave, dancing_weapons_uskayaw, marbit_many_paths

Notes
Turn   | Place    | Note
-------+----------+-------------------------------------------
     0 | D:1      | kae the Demonspawn Enchanter began the quest for the Orb.
     0 | D:1      | Reached XP level 1. HP: 13/13 MP: 3/3
     0 | D:1      | magus.rc [v1.11.3]
    32 | D:1      | Reached skill level 1 in Short Blades
   255 | D:1      | Gained mutation: You are partially covered in thin metallic
                  | scales. (AC +2) [demonic ancestry]
   255 | D:1      | Reached XP level 2. HP: 19/19 MP: 5/5
   278 | D:1      | HP: 4/20 [hobgoblin (3)]
   421 | D:1      | Learned a level 2 spell: Ensorcelled Hibernation
   476 | D:1      | Reached skill level 2 in Dodging
   729 | D:1      | You pick up a book of Cantrips and begin reading...
   729 | D:1      | You add the spells Necrotise, Summon Small Mammal and
                  | Apportation to your library.
   876 | D:2      | Gained mutation: Your touch may inflict minor irresistible
                  | damage on your foes. [demonic ancestry]
   876 | D:2      | Reached XP level 3. HP: 21/25 MP: 6/6
   975 | D:2      | Found a shimmering blue altar of Sif Muna.
  1042 | D:2      | Identified the +1 whip "Kafeurch" {vamp, Fly rF+ Will-}
  1071 | D:2      | Found a faded altar of an unknown god.
  1269 | D:2      | Reached skill level 3 in Stealth
  1346 | D:2      | Reached skill level 1 in Fighting
  1346 | D:2      | Gained mutation: A weak demonic guardian rushes to your
                  | aid. [demonic ancestry]
  1346 | D:2      | Reached XP level 4. HP: 32/32 MP: 7/7
  1796 | D:3      | Reached skill level 2 in Short Blades
  1824 | D:3      | You pick up a book of Touch and begin reading...
  1824 | D:3      | You add the spells Kiss of Death and Dispel Undead to your
                  | library.
  2259 | D:3      | Found a sparkling altar of Nemelex Xobeh.
  2333 | D:4      | Learned a level 3 spell: Confusing Touch
  2351 | D:4      | Noticed a +0 hand axe
  2368 | D:4      | Noticed a +0 hand axe
  2379 | D:4      | Found a hide-covered altar of Uskayaw.
  2429 | D:4      | Killed from afar by an orc priest

Vanquished Creatures
  4 adders (D:2)
  A worm (D:3)
  A dart slug (D:2)
  5 orcs
  4 ball pythons
  5 endoplasms
  6 giant cockroaches
  4 goblins
  13 hobgoblins
  8 jackals
  6 quokkas
  5 bats
  3 frilled lizards
  2 kobolds
  3 rats
70 creatures vanquished.

Table legend:
 A = Non-vault XP
 B = Vault XP
 C = Vault XP percentage of total XP
 D = Non-vault monster count
 E = Vault monster count
 F = Vault count percentage of total count
                 A         B        C        D         E       F
            +---------+---------+-------+---------+---------+-------
      Total |     181 |       0 |   0.0 |      70 |       0 |   0.0
            +---------+---------+-------+---------+---------+-------
        D:1 |      40 |       0 |   0.0 |      23 |       0 |   0.0
        D:2 |      75 |       0 |   0.0 |      16 |       0 |   0.0
        D:3 |      59 |       0 |   0.0 |      28 |       0 |   0.0
        D:4 |       7 |       0 |   0.0 |       3 |       0 |   0.0
            +---------+---------+-------+---------+---------+-------

Skill      XL: |  1  2  3  4 |
---------------+-------------+-----
Short Blades   | 1 2 |  2.0
Dodging        | 2 |  2.3
Stealth        | 3 |  3.0
Fighting       | 1 |  1.3
Spellcasting   | |  2.5
Hexes          | |  3.7
Ice Magic      | |  0.8

Action                     |  1- 3 |  4- 6 || total
---------------------------+-------+-------++-------
  Melee: Dagger            |   131 |    77 ||   208
         Punch             |     1 |     1 ||     2
         Touch             |     1 |    17 ||    18
   Cast: Ensorcelled Hiber |     5 |     2 ||     7
    Use: Scroll            |     5 |     6 ||    11
   Stab: Sleeping          |     8 |     5 ||    13
 Armour: Robe              |    80 |    30 ||   110
  Dodge: Dodged            |    85 |    39 ||   124

Illustrated notes

Table legend:
 A = Kills in this place as a percentage of kills in the entire game.
 B = Kills by you in this place as a percentage of kills by you in the entire game.
 C = Kills by friends in this place as a percentage of kills by friends in the entire game.
 D = Other kills in this place as a percentage of other kills in the entire game.
 E = Experience gained in this place as a percentage of experience gained in the entire game.
 F = Experience gained in this place divided by the number of levels of this place that you have seen.
                   A       B       C       D       E      F
               +-------+-------+-------+-------+-------+----------------------
         Total | 100.0 | 100.0 |   N/A |   N/A | 100.0 |  45.2
       Dungeon | 100.0 | 100.0 |   N/A |   N/A | 100.0 |  45.2
               +-------+-------+-------+-------+-------+----------------------

Table legend: (Time is in decaauts)
 A = Elapsed time spent in this place.
 B = Non-inter-level travel time spent in this place.
 C = Inter-level travel time spent in this place.
 D = Time resting spent in this place.
 E = Time spent auto-exploring this place.
 F = Levels seen in this place.
 G = Mean time per level.
                   A        B        C        D        E       F      G
               +--------+--------+--------+--------+--------+-----+--------+
         Total |   2413 |   2340 |     73 |     78 |   1782 |   4 |  603.2 |
       Dungeon |   2413 |   2340 |     73 |     78 |   1782 |   4 |  603.2 |
               +--------+--------+--------+--------+--------+-----+--------+

Top non-repeatable levels by time:
     D:1: 875 daAuts
     D:2: 738 daAuts
     D:3: 700 daAuts
     D:4: 100 daAuts
